 Dungeon Crawl Stone Soup version 0.31-a0-1068-g5939ac1fb6 (webtiles) character file.

Game seed: 2067137592205049447

16054 Armakuni the Blocker (level 12, -1/97 HPs)
             Began as a Naga Monk on Nov 25, 2023.
             Was a Believer of Qazlal.
             Slain by a meliai
             ... wielding a +0 broad axe
              (5 damage)
             ... on level 13 of the Dungeon.
             The game lasted 00:39:44 (12996 turns).

Armakuni the Blocker (Naga Monk)                   Turns: 12996, Time: 00:39:44

Health: -1/97      AC: 15    Str: 13    XL:     12   Next: 33%
Magic:  16/16      EV:  8    Int: 13    God:    Qazlal [**....]
Gold:   184        SH: 22    Dex: 17    Spells: 9/11 levels left

rFire   . . .        a - +4 falchion (flame)
rCold   . . .        s - +5 kite shield {reflect}
rNeg    . . .        D - +0 steam dragon scales
rPois   +            e - +0 helmet
rElec   .            w - +1 cloak
rCorr   .            q - +0 pair of gloves {Stlth+}
SInv    +            f - +0 barding
Will    +....        R - amulet of regeneration
Stlth   ++           (no ring)
HPRegen 1.16/turn    (no ring)
MPRegen 0.15/turn

%: reflection
@: about to teleport, very slow
A: AC +4, large, see invisible, deformed body, poison resistance, slowness 2,
spit poison 1, naga tail 1
a: Spit Poison, Renounce Religion, Upheaval


You were on level 13 of the Dungeon.
You worshipped Qazlal.
Qazlal was pleased with you.
You visited 3 branches of the dungeon, and saw 15 of its levels.
You visited 1 bazaar.

You collected 1608 gold pieces.
You spent 1424 gold pieces at shops.

Inventory:

Hand Weapons
 a - a +4 falchion of flaming (weapon)
 b - a +2 short sword of venom
 c - a +0 scimitar
Missiles
 A - 2 throwing nets
Armour
 e - a +0 helmet (worn)
 f - a +0 barding (worn)
 q - a +0 pair of gloves of stealth (worn)
 s - a +5 kite shield of reflection (worn)
 w - a +1 cloak (worn)
 y - the +8 ring mail "Yvigo" {rElec rPois rC- Stlth+}
   (You bought it in a shop on level 10 of the Dungeon)

   rC-:       It makes you vulnerable to cold.
   rElec:     It insulates you from electricity.
   rPois:     It protects you from poison Stlth+: It makes you more stealthy.
 D - +0 steam dragon scales (worn)
Jewellery
 G - a +4 ring of protection
 R - an amulet of regeneration (around neck)
Wands
 m - a wand of mindburst (5)
 p - a wand of polymorph (7)
 v - a wand of flame (35)
Scrolls
 d - a scroll of teleportation
 h - a scroll of vulnerability
 k - a scroll of silence
 t - 2 scrolls of noise
 H - 2 scrolls of fog
 I - a scroll of identify
 J - a scroll of immolation
 K - a scroll of amnesia
Potions
 g - 6 potions of curing
 i - 2 potions of resistance
 l - 4 potions of enlightenment
 o - 3 potions of heal wounds {unknown}
 r - a potion of cancellation
 u - 3 potions of brilliance {unknown}
 x - 2 potions of haste {unknown}
 z - 2 potions of berserk rage {unknown}
 B - 2 potions of mutation {unknown}
 C - a potion of invisibility {unknown}
 E - 2 potions of degeneration {unknown}
 F - a potion of lignification {unknown}


   Skills:
 - Level 3.0 Fighting
 - Level 10.2 Long Blades
 - Level 2.0 Armour
 - Level 4.0 Dodging
 + Level 13.5 Shields
 - Level 6.0 Invocations
 - Level 5.0 Evocations


You had 9 spell levels left.
You knew the following spells:

 Your Spells              Type           Power      Damage    Failure   Level
b - Blink                 Tloc           0%         N/A       67%         2

Your spell library contained the following spells:

 Spells                   Type           Power      Damage    Failure   Level
 Necrotise                Necr           0%         1d4       54%         1
 Sandblast                Erth           0%         2d4       54%         1
 Shock                    Conj/Air       0%         1d3       54%         1
 Cigotuvi's Dreadful Rot  Necr/Pois/Air  0%         N/A       67%         2
 Passwall                 Tmut/Erth      0%         N/A       67%         2
 Poisonous Vapours        Pois/Air       0%         N/A       67%         2
 Sublimation of Blood     Necr           0%         N/A       67%         2
 Ignite Poison            Fire/Tmut/Pois 0%         N/A       88%         3
 Mephitic Cloud           Conj/Pois/Air  0%         N/A       88%         3
 Stone Arrow              Conj/Erth      0%         3d7       88%         3
 Summon Guardian Golem    Hex/Summ       0%         N/A       88%         3
 Swiftness                Air            0%         N/A       88%         3
 Vampiric Draining        Necr           0%         2d6       88%         3
 Volatile Blastmotes      Fire/Tloc      0%         2d10      88%         3
 Airstrike                Air            0%         2d(0-16)  99%         4
 Brom's Barrelling Bould  Conj/Erth      0%         2d3       99%         4
 Dispel Undead            Necr           0%         3d6       99%         4
 Fulminant Prism          Conj/Hex       0%         3d5       99%         4
 Iskenderun's Mystic Bla  Conj/Tloc      0%         2d3       99%         4
 Manifold Assault         Tloc           0%         N/A       99%         4
 Olgreb's Toxic Radiance  Pois           0%         N/A       99%         4
 Petrify                  Tmut/Erth      0%         N/A       99%         4
 Agony                    Necr           0%         N/A       100%        5
 Freezing Cloud           Conj/Ice/Air   0%         6-21      100%        5
 Irradiate                Conj/Tmut      0%         3d11      100%        5
 Death Channel            Necr           0%         N/A       100%        6
 Orb of Destruction       Conj           0%         9d5       100%        7
 Spellforged Servitor     Conj/Summ      0%         N/A       100%        7
 Discord                  Hex            0%         N/A       100%        8
 Ignition                 Fire           0%         3d3       100%        8


Dungeon Overview and Level Annotations

Branches:
Dungeon (13/15)            Temple (1/1) D:7            Lair (0/5) D:8
    Orc (1/2) D:9
 Vaults: D:13-14

Altars:
Ashenzari
Cheibriados
Dithmenos
Fedhas
Gozag
Hepliaklqana
Kikubaaqudgha
Makhleb
Nemelex Xobeh
Okawaru
Qazlal
Ru
Sif Muna
Trog
Uskayaw
Vehumet
Wu Jian
Xom
Yredelemnul
Zin
The Shining One

Shops:
D:5 [*[*(   D:8 =   D:9 [   D:10 *   D:12 ?


Innate Abilities, Weirdness & Mutations

Your serpentine skin is tough. (AC +4)
You have supernaturally acute eyesight. (SInv)
Armour fits poorly on your strangely shaped body.
Your system is resistant to poisons. (rPois)
You cover ground very slowly.
You can spit poison.
You have a snake-like lower body.


Message History

The human is heavily wounded.
The iceblast engulfs the meliai!
The meliai is heavily wounded.
The iceblast engulfs the meliai.
The meliai is moderately wounded.
The iceblast engulfs the human!
You kill the human!
Qazlal accepts your kill.
The now-empty wand crumbles to dust.
You have got your breath back.
A human comes into view.
You block the meliai's attack. x2
The meliai invokes the aid of its god against you.
Something smites you!
* * * LOW HITPOINT WARNING * * *
The meliai calls upon its god to heal the meliai.
The meliai is healed somewhat.
The meliai hits you with a +0 hand axe!
* * * LOW HITPOINT WARNING * * *
You block the meliai's attack. x2
The meliai stings you but does no damage.
A two-headed ogre comes into view. It is wielding two +0 giant clubs.
A human comes into view.
The two-headed ogre shouts in stereo!
Okay, then.
Okay, then.
Unknown command.
Okay, then.
Okay, then.
Okay, then.
Okay, then.
As you read the scroll of teleportation, it crumbles to dust.
You feel strangely unstable.
You hear a shout!
You block the meliai's attack. x3; The meliai stings you.
* * * LOW HITPOINT WARNING * * *
The meliai barely misses you. The meliai completely misses you.
The meliai hits you with a +0 broad axe.
* * * LOW HITPOINT WARNING * * *
The meliai stings you.
You die...

.........,,,#.,,,,...........##
...............*,,..........(.#
,,,,,,*,.......######..[.(....#
,,,,****........#.............##
,,,,,,,,............#..........#
***,,,,,...........##..........#
*,,,,,,.......###.(.##.....#.##
**,,,,,,.......p...#####...##.#
,,,,,,,,......)#@°## ##..#*##
,*,,,,,**#...)pyy.#*****#.##
,,,,**,*#....Tp#...#,,,*###
,,,,,,,,.p.............,*
,,,,,,,,..p.##.........#*
,,,,,,,,.O.,*##........#
,,,,,,,,..*** #.#....###
,,,,,,,,.,* ###....# ,,,><,,,,,*
*...##


You could see a two-headed ogre, a troll, 5 humans and 2 meliai.

Vanquished Creatures
  Snorg (D:12)
  A centaur warrior (D:12)
  A two-headed ogre (D:11)
  A boulder beetle (D:11)
  Urug (D:12)
  Sonja (D:12)
  A manticore (D:12)
  An ugly thing (D:11)
  2 cyclopes
  An elephant (D:8)
  A guardian serpent (D:11)
  An unseen horror (D:12)
  Psyche (D:12)
  A kobold demonologist (D:12)
  4 trolls
  A meliai (D:13)
  A hornet (D:8)
  A shadow (D:11)
  6 slime creatures (D:12)
  A wraith (D:9)
  A human (D:13)
  10 yaks
  2 steam dragons
  3 vampire mosquitoes (D:10)
  A basilisk (D:8)
  Menkaure (D:7)
  A water moccasin (D:9)
  2 black bears
  3 ice beasts
  7 orc warriors
  An ogre (D:6)
  A centaur (D:7)
  A phantom (D:7)
  A kobold brigand (D:9)
  4 bullfrogs
  3 scorpions
  2 wights (D:8)
  14 killer bees
  5 howler monkeys (D:12)
  4 electric eels (D:12)
  2 hounds
  3 jellies
  21 orc priests
  A gnoll bouda (D:8)
  A sleepcap (D:7)
  Jessica (D:3)
  Ijyb (D:3)
  3 iguanas
  12 orc wizards
  5 gnolls (D:8)
  8 adders
  A shadow imp (D:7)
  A white imp (D:6)
  4 ufetubi
  A worm (D:4)
  7 dart slugs
  37 orcs
  10 ball pythons
  4 bats
  10 endoplasms
  2 giant cockroaches
  6 goblins
  6 hobgoblins
  8 jackals
  5 quokkas
  3 frilled lizards
  14 kobolds
  3 rats
276 creatures vanquished.

Vanquished Creatures (collateral kills)
  2 wights (D:8)
  A killer bee (D:7)
  An orc (D:7)
4 creatures vanquished.

Vanquished Creatures (others)
  An orc warrior (D:7)
  2 killer bees (D:7)
  5 orcs
8 creatures vanquished.

Grand Total: 288 creatures vanquished

Notes
Turn   | Place    | Note
-------+----------+-------------------------------------------
     0 | D:1      | Armakuni the Naga Monk began the quest for the Orb.
     0 | D:1      | Reached XP level 1. HP: 21/21 MP: 1/1
   102 | D:1      | Reached XP level 2. HP: 28/28 MP: 2/2
   487 | D:1      | Reached XP level 3. HP: 30/34 MP: 3/3
  1254 | D:2      | Found a hazy altar of Hepliaklqana.
  1265 | D:2      | Reached XP level 4. HP: 40/42 MP: 4/4
  1630 | D:2      | Reached skill level 5 in Long Blades
  1783 | D:3      | Noticed Jessica
  1791 | D:3      | Killed Jessica
  1835 | D:3      | Noticed Ijyb
  1988 | D:3      | Reached XP level 5. HP: 46/49 MP: 5/5
  2594 | D:3      | Killed Ijyb
  2595 | D:3      | Reached skill level 1 in Evocations
  2647 | D:4      | Found a sparkling altar of Nemelex Xobeh.
  2740 | D:4      | Reached XP level 6. HP: 35/56 MP: 6/6
  3021 | D:4      | Found a hazy altar of Hepliaklqana.
  3072 | D:4      | Found a sacrificial altar of Ru.
  3436 | D:5      | Entered Level 5 of the Dungeon
  3467 | D:5      | Found Jegurois's General Store.
  3475 | D:5      | Bought a wand of charming (5) for 132 gold pieces
  3546 | D:5      | Found Vofac's Antique Armour Boutique.
  3572 | D:5      | Found Diceats's Armour Emporium.
  3579 | D:5      | Found Weru's Assorted Antiques.
  3589 | D:5      | Bought a scroll labelled PIANTUTTUT for 26 gold pieces
  3589 | D:5      | Bought a bubbling blue potion for 23 gold pieces
  3589 | D:5      | Bought a glowing golden potion for 23 gold pieces
  3607 | D:5      | Reached XP level 7. HP: 62/62 MP: 7/7
  3636 | D:5      | Found a basalt altar of Yredelemnul.
  3650 | D:5      | Found a broken altar of Ashenzari.
  3765 | D:5      | Found a glowing golden altar of the Shining One.
  4046 | D:5      | Reached skill level 5 in Evocations
  4053 | D:5      | Found an ornate altar of the Wu Jian Council.
  4282 | D:5      | Found Rirr's Weapon Shop.
  4300 | D:5      | Found a burning altar of Makhleb.
  4745 | D:6      | Identified the +5 chain mail "Hais Hyrr" {Int+3}
  5120 | D:6      | Reached skill level 1 in Armour
  5157 | D:6      | Reached skill level 1 in Shields
  5157 | D:6      | Reached XP level 8. HP: 13/69 MP: 8/8
  5348 | D:6      | Reached skill level 2 in Shields
  6012 | D:7      | Noticed Menkaure
  6025 | D:7      | Killed Menkaure
  6026 | D:7      | Reached skill level 3 in Shields
  6260 | D:7      | Found a staircase to the Ecumenical Temple.
  6278 | Temple   | Entered the Ecumenical Temple
  6456 | Temple   | Became a worshipper of Qazlal Stormbringer
  6456 | Temple   | Reached * piety under Qazlal
  6456 | Temple   | Reached ** piety under Qazlal
  6731 | D:7      | Reached skill level 4 in Shields
  6973 | D:7      | Reached XP level 9. HP: 71/75 MP: 9/9
  7092 | D:7      | Reached skill level 5 in Shields
  7225 | D:7      | Found a radiant altar of Vehumet.
  7243 | D:7      | Identified the +0 chain mail of the Constellations {rF++
                  | Int-5}
  7362 | D:8      | Noticed an elephant
  7377 | D:8      | Killed an elephant
  7378 | D:8      | Reached skill level 6 in Shields
  7951 | D:8      | Noticed a hornet
  7959 | D:8      | Paralysed by a hornet for 2 turns
  7961 | D:8      | Killed a hornet
  7962 | D:8      | Reached skill level 1 in Invocations
  7962 | D:8      | Reached XP level 10. HP: 20/84 MP: 9/11
  8198 | D:8      | Found a staircase to the Lair.
  8232 | D:8      | Found a glowing silver altar of Zin.
  8334 | D:8      | Found an opulent altar of Gozag.
  8406 | D:8      | Found Ficve's Jewellery Shoppe.
  8948 | D:5      | Bought a pair of runed gloves for 202 gold pieces
  9061 | D:9      | Found Emnott's Antique Armour Boutique.
  9170 | D:9      | Reached skill level 10 in Long Blades
  9335 | D:9      | Reached *** piety under Qazlal
  9574 | D:9      | Identified a scroll of acquirement
  9576 | D:9      | Acquired 693 gold pieces
  9623 | D:9      | Bought an embroidered cloak for 172 gold pieces
  9696 | D:9      | Reached skill level 7 in Shields
  9841 | D:9      | Found a staircase to the Orcish Mines.
  9918 | Orc:1    | Entered Level 1 of the Orcish Mines
  9940 | Orc:1    | Reached skill level 5 in Invocations
 10235 | D:10     | Entered Level 10 of the Dungeon
 10339 | D:10     | Reached skill level 8 in Shields
 10831 | D:10     | Reached XP level 11. HP: 87/90 MP: 15/15
 10844 | D:10     | Found Jequk's Assorted Antiques.
 10852 | D:10     | Bought a blackened ring mail for 216 gold pieces
 10852 | D:10     | Identified the +8 ring mail "Yvigo" {rElec rPois rC-
                  | Stlth+} (You bought it in a shop on level 10 of the
                  | Dungeon)
 10852 | D:10     | Bought a scroll of enchant armour for 180 gold pieces
 11103 | D:11     | Reached skill level 9 in Shields
 11132 | D:11     | Noticed a two-headed ogre
 11137 | D:11     | Killed a two-headed ogre
 11237 | D:11     | Found a flickering gateway to a bazaar.
 11246 | Bazaar   | Entered a bazaar
 11255 | Bazaar   | Found Ofuihuaf's Jewellery Boutique.
 11277 | Bazaar   | Found Ucviet's Magic Scroll Emporium.
 11298 | Bazaar   | Found Pimyo's Magic Scroll Boutique.
 11318 | Bazaar   | Found Iteb's Antique Weapon Shoppe.
 11345 | Bazaar   | Bought an amulet of regeneration for 330 gold pieces
 11385 | D:11     | Reached skill level 10 in Shields
 11558 | D:11     | Noticed a cyclops
 11565 | D:11     | Killed a cyclops
 12071 | D:12     | Found Yxidd's Magic Scroll Shoppe.
 12079 | D:12     | Bought a scroll of teleportation for 36 gold pieces
 12079 | D:12     | Bought a scroll of teleportation for 36 gold pieces
 12079 | D:12     | Bought a scroll of fear for 48 gold pieces
 12110 | D:12     | Noticed Urug
 12186 | D:12     | Noticed a boulder beetle
 12188 | D:12     | Noticed Psyche
 12208 | D:11     | Killed a boulder beetle
 12209 | D:11     | Reached skill level 11 in Shields
 12255 | D:12     | Killed Psyche
 12328 | D:12     | Noticed Snorg
 12330 | D:12     | Noticed Sonja
 12337 | D:12     | Killed Snorg
 12340 | D:12     | Noticed a centaur warrior
 12342 | D:12     | Killed a centaur warrior
 12343 | D:12     | Killed Sonja
 12344 | D:12     | Reached skill level 12 in Shields
 12351 | D:12     | Killed Urug
 12353 | D:12     | Noticed a cyan ugly thing
 12362 | D:12     | Noticed a manticore
 12369 | D:12     | Killed a manticore
 12370 | D:12     | Reached XP level 12. HP: 80/97 MP: 4/16
 12444 | D:12     | Reached skill level 13 in Shields
 12940 | D:13     | Learned a level 2 spell: Blink
 12982 | D:13     | Noticed a centaur warrior
 12995 | D:13     | Noticed a two-headed ogre
 12996 | D:13     | HP: 4/97 [meliai/+0 broad axe (6)]
 12996 | D:13     | Slain by a meliai

Illustrated notes

Levels and vault maps discovered:
D:1:      heliophobic_arrival_battle_scene, layout_basic
D:2:      layout_loops_ring, basic_altar
D:3:      layout_basic, marbit_many_paths, kennysheep_generic_room_2,
          uniq_jessica, uniq_ijyb, uniq_terence
D:4:      minmay_octagon_keep, layout_basic, nemelex_xobeh_ov_fountains_minmay,
          nicolae_hepliaklqana_hippocampus, nicolae_ru_awakened_eye
D:5:      layout_layer_cave, bloody_makhleb,
          mainiacjoe_overflow_surrounded_room,
          mainiacjoe_overflow_small_starburst, nicolae_tso_carved_into_rock,
          ashenzari_altar_1, serial_shops, shop, shop, shop,
          nicolae_shop_real_fake_doors, nicolae_shop_statue_plus
D:6:      wander_river, layout_rooms
D:7:      layout_basic, fiery_altar_vehumet, minmay_temple_entry_grid,
          minmay_misc_feat_secret_circle, uniq_menkaure
D:8:      layout_gridville, pdpol_temple_overflow_zin_treasury_gozag_greed,
          david_lair_generic, serial_shops, shop
D:9:      layout_rooms, hiddenorc1_lemuel, serial_shops, shop
D:10:     layout_small_grid, serial_shops, shop
D:11:     layout_loops_ring, serial_shops, bzr_entry_dummy,
          nrook_guardian_serpent_double
D:12:     layout_cave_pools, serial_shops, nicolae_shop_tiny_statue_garden,
          hangedman_decor_growths, serial_bayou_pond_c, serial_bayou_ford_a,
          uniq_sonja, uniq_psyche, uniq_snorg, uniq_urug
D:13:     layout_cave_pools, david_vaults_3
Temple:   hellmonk_temple_micro_hex
Orc:1:    dreamdust_wu_jian_sword_trials, layout_diamond_mine, uniq_gastronok

Skill      XL: |  1  2  3  4  5  6  7  8  9 10 11 12 |
---------------+-------------------------------------+-----
Long Blades    | 4 5 7 9 10 | 10.2
Evocations     | 2 4 5 |  5.0
Dodging        | 4 |  4.0
Armour         | 2 |  2.0
Shields        | 1 4 6 8 12 13 | 13.5
Invocations    | 1 6 |  6.0
Fighting       | |  3.0

Action                     |  1- 3 |  4- 6 |  7- 9 | 10-12 || total
---------------------------+-------+-------+-------+-------++-------
  Melee: Falchion          |   125 |   129 |   151 |   268 ||   673
         Short sword       |       |       |     9 |    51 ||    60
         Great sword       |       |       |    32 |    51 ||    83
 Invoke: Upheaval          |       |       |       |    16 ||    16
Ability: Spit Poison       |     1 |    11 |    13 |    17 ||    42
  Evoke: Wand              |       |     6 |    27 |    31 ||    64
    Use: Scroll            |       |    13 |     6 |    14 ||    33
         Potion            |       |       |     2 |     2 ||     4
 Armour: Robe              |   100 |    87 |   189 |    12 ||   388
         Steam dragon scal |       |       |       |   159 ||   159
  Dodge: Dodged            |    65 |    48 |   159 |   100 ||   372
  Block: Other             |       |       |     2 |     9 ||    11
         Kite shield       |       |       |       |   319 ||   319
         Reflection        |       |       |       |     5 ||     5

Table legend: (Time is in decaauts)
 A = Elapsed time spent in this place.
 B = Non-inter-level travel time spent in this place.
 C = Inter-level travel time spent in this place.
 D = Time resting spent in this place.
 E = Time spent auto-exploring this place.
 F = Levels seen in this place.
 G = Mean time per level.
                   A        B        C        D        E       F      G
               +--------+--------+--------+--------+--------+-----+--------+
         Total |  16042 |  15261 |    781 |   2815 |   9111 |  16 | 1002.6 |
       Dungeon |  15509 |  14738 |    771 |   2815 |   8681 |  13 | 1193.0 |
        Temple |    187 |    187 |      0 |      0 |    173 |   1 |  187.0 |
  Orcish Mines |    189 |    180 |      9 |      0 |    136 |   1 |  189.0 |
        Bazaar |    156 |    156 |      0 |      0 |    119 |   1 |  156.0 |
               +--------+--------+--------+--------+--------+-----+--------+

Top non-repeatable levels by time:
     D:5: 2278 daAuts
     D:8: 1995 daAuts
    D:11: 1365 daAuts
     D:4: 1285 daAuts
     D:1: 1272 daAuts
     D:9: 1250 daAuts
     D:7: 1232 daAuts
     D:6: 1098 daAuts
     D:2: 1071 daAuts
    D:10: 1064 daAuts
    D:12: 703 daAuts
     D:3: 678 daAuts
    D:13: 214 daAuts
   Orc:1: 189 daAuts
  Temple: 187 daAuts
